 Dungeon Crawl Stone Soup version 0.27.1-35-g4d5d836560 (webtiles) character file.

Game seed: 11212790645351322952

224 Delamore the Sneak (level 6, -7/37 (39) HPs)
             Began as an Octopode Brigand on May 16, 2022.
             Mangled by Crazy Yiuf (8 damage)
             ... on level 2 of the Dungeon.
             The game lasted 00:02:00 (1690 turns).

Delamore the Sneak (Octopode Brigand)               Turns: 1690, Time: 00:02:01

HP:   -7/37 (39)    AC:  1    Str: 10    XL:     6   Next: 0%
MP:   6/6           EV: 13    Int: 13    God:
Gold: 28            SH:  0    Dex: 16    Spells: 5/5 levels left

rFire    . . .     SeeInvis .   a - +2 dagger
rCold    . . .     Faith    .   (no shield)
rNeg     . . .     Spirit   .   (helmet restricted)
rPois    .         Reflect  .   (no amulet)
rElec    .         Harm     .   g - +4 ring of slaying
rCorr    .         Rampage  .   (no ring)
Will     .....                  (no ring)
Stlth    ++++......             (no ring)
HPRegen  0.12/turn              (no ring)
MPRegen  0.10/turn              (no ring)
                                (no ring)
                                (no ring)

@: drained
A: almost no armour, amphibious, 8 rings, camouflage 1, gelatinous body 1,
(nimble swimmer 1), tentacles
a: no special abilities


You were on level 2 of the Dungeon.
You visited 1 branch of the dungeon, and saw 2 of its levels.

You collected 58 gold pieces.
You spent 30 gold pieces at shops.

Inventory:

Hand Weapons
 a - a +2 dagger (weapon)
Missiles
 b - 26 poisoned darts (quivered)
 f - 4 boomerangs
 i - 76 stones
Jewellery
 g - a +4 ring of slaying (left tentacle)
Scrolls
 e - a scroll of fog
 h - a scroll of enchant weapon
 k - a scroll of noise
 n - a scroll of fear {unknown}
Potions
 d - a potion of invisibility {unknown}
 j - a potion of curing {unknown}
 l - a potion of brilliance {unknown}
 m - a potion of attraction {unknown}


   Skills:
 - Level 2.0 Fighting
 * Level 5.0 Short Blades
 + Level 3.7 Throwing
 - Level 1.0 Dodging
 - Level 5.3 Stealth


You had 5 spell levels left.
You didn't know any spells.
Your spell library was empty.

Dungeon Overview and Level Annotations

Branches:
Dungeon (2/15)

Altars:

Shops:
D:2 ?

Annotations:
D:2 Crazy Yiuf


Innate Abilities, Weirdness & Mutations

You cannot wear most types of armour.
You are amphibious.
You can wear up to eight rings at the same time.
Your skin changes colour to match your surroundings (Stealth+).
Your rubbery body absorbs attacks. (AC +1, EV +1)
((You are camouflaged near water. (Stealth+)))
You have tentacles for arms and can constrict up to eight enemies at once.


Message History

a +0 club; a +0 hunting sling; a goblin corpse
There is a stone staircase leading down here.
Things that are here:
a +0 club; a +0 hunting sling; a goblin corpse
Things that are here:
a +0 scythe; a +0 robe You see here a +0 hand axe.
Could not explore, unopened runed door.
You open the door.
Throw: 2 darts (curare)
Press: ? - help, Q - select action, (/) - cycle Shift-Dir - straight line, f - Crazy Yiuf
Aim: Crazy Yiuf, wielding a +3 quarterstaff of chaos and wearing a +0 cloak (wandering, hasn't noticed you, 69% to hit)
You throw a curare-tipped dart.
The curare-tipped dart closely misses Crazy Yiuf.
Crazy Yiuf shouts!
Crazy Yiuf cries, "Sif Muna!
Pitchfork Orb Guardian alas."
Crazy Yiuf drinks a potion.
Crazy Yiuf goes berserk!
Throw: dart (curare)
Press: ? - help, Q - select action, (/) - cycle Shift-Dir - straight line, f/p - Crazy Yiuf
Aim: Crazy Yiuf, wielding a +3 quarterstaff of chaos and wearing a +0 cloak (berserk, 69% to hit)
You throw a curare-tipped dart. The curare-tipped dart hits Crazy Yiuf.
Crazy Yiuf is poisoned.
Crazy Yiuf convulses.
Crazy Yiuf seems to slow down.
Crazy Yiuf is moderately wounded.
Crazy Yiuf rages.
Crazy Yiuf rages.
Crazy Yiuf is no longer moving slowly.
Crazy Yiuf rages.
Crazy Yiuf hits you with a +3 quarterstaff of chaos!
You feel drained.
You see here a +4 mace.
Crazy Yiuf rages.
Crazy Yiuf barely misses you. Crazy Yiuf completely misses you.
Crazy Yiuf looks more healthy.
Crazy Yiuf closely misses you.
Crazy Yiuf hits you with a +3 quarterstaff of chaos!!
* * * LOW HITPOINT WARNING * * *
Crazy Yiuf burns you!
You die...

.###...####..###.#..###.###
.......# ##..###...#...# .......#
#### ###.##### ##### ##.....###
#....### #)..# .........#
#####.##...# #(..#
.........######....>##.### ...
..#..............#####..# #(#
#.#..............# ##.# ♣.♣♣
#...#...........@## #.## ♣♣.♣
#.∩.#.####.......g### #..# ♣.♣
#.....# ##.........####.# ♣♣.
#.##### ###..........#.# ♣♣.♣ ..#
##.....)..(.## ♣♣.P.
.################...<....# ♣P..P
......>..................# #....
###################.....)#####..#
##.###.........#


You could see Crazy Yiuf (berserk).

Vanquished Creatures
  Sigmund (D:2)
  3 adders (D:2)
  A worm (D:2)
  A dart slug (D:2)
  6 endoplasms
  3 giant cockroaches
  4 goblins
  7 hobgoblins
  2 kobolds (D:1)
  A quokka (D:1)
  2 bats (D:2)
  2 frilled lizards
  2 rats
35 creatures vanquished.

Notes
Turn   | Place    | Note
-------+----------+-------------------------------------------
     0 | D:1      | Delamore the Octopode Brigand began the quest for the Orb.
     0 | D:1      | Reached XP level 1. HP: 14/14 MP: 1/1
   102 | D:1      | Found a faded altar of an unknown god.
   427 | D:1      | Reached XP level 2. HP: 19/19 MP: 2/2
   912 | D:2      | Found Megherghu's Magic Scroll Boutique.
   930 | D:2      | Reached XP level 3. HP: 21/24 MP: 3/3
   965 | D:2      | Bought a scroll of noise for 10 gold pieces
   965 | D:2      | Bought a scroll of identify for 20 gold pieces
  1334 | D:2      | Noticed Sigmund
  1341 | D:2      | Killed Sigmund
  1342 | D:2      | Reached XP level 4. HP: 29/29 MP: 4/4
  1342 | D:2      | Reached XP level 5. HP: 34/34 MP: 5/5
  1352 | D:2      | Reached skill level 5 in Short Blades
  1384 | D:2      | Found a runed translucent door.
  1385 | D:2      | Noticed Crazy Yiuf
  1562 | D:2      | Reached XP level 6. HP: 33/39 MP: 6/6
  1690 | D:2      | HP: 1/37 [Crazy Yiuf (18)]
  1690 | D:2      | Mangled by Crazy Yiuf

Illustrated notes

Levels and vault maps discovered:
D:1:      mrwooster_arrival_statue_2, layout_loops_corners,
          dreamdust_ecumenical_altar_angels_and_demons
D:2:      layout_rooms, serial_shops, nicolae_shop_stone,
          minmay_misc_feat_rugged, uniq_crazy_yiuf_cottage, uniq_sigmund

Skill      XL: |  1  2  3  4  5 |
---------------+----------------+-----
Short Blades   | 3 4 5 |  5.0
Throwing       | 3 |  3.7
Fighting       | |  2.0
Dodging        | |  1.0
Stealth        | |  5.3

Action                   |  1- 3 |  4- 6 || total
-------------------------+-------+-------++-------
Melee: Dagger            |    28 |    11 ||    39
       Constrict         |     5 |     1 ||     6
       Tentacles         |     2 |     2 ||     4
Throw: Stone             |    16 |       ||    16
       Dart              |       |     2 ||     2
  Use: Scroll            |     2 |       ||     2
 Stab: Sleeping          |     9 |     2 ||    11
Armor: Skin              |     3 |       ||     3
Dodge: Dodged            |     5 |     7 ||    12
